 Dungeon Crawl Stone Soup version 0.24-a0-251-g44e327e (webtiles) character file.

Game seed: 9012958848975591041

1530 Borgoz the Slicer (level 9, -2/52 HPs)
             Began as a Kobold Gladiator on Apr 16, 2019.
             Slain by an orc warrior
             ... wielding a +0 glaive
              (11 damage)
             ... on level 5 of the Dungeon.
             The game lasted 00:13:56 (5046 turns).

Borgoz the Slicer (Kobold Gladiator)                Turns: 5046, Time: 00:13:57

Health: -2/52      AC:  9    Str: 19    XL:     9   Next: 10%
Magic:  9/9        EV: 18    Int: 10    God:
Gold:   264        SH:  5    Dex: 16    Spells: 8/8 levels left

rFire    . . .     SeeInvis .   o - +3 dagger
rCold    . . .     Gourm    .   (shield restricted)
rNeg     . . .     Faith    .   h - +0 ring mail
rPois    .         Spirit   .   c - +0 helmet
rElec    .         Reflect  +   (no cloak)
rCorr    .         Harm     .   (no gloves)
MR       +....                  (no boots)
Stlth    ++........             t - +5 amulet of reflection
HPRegen  0.17/turn              (no ring)
MPRegen  0.11/turn              (no ring)

@: mighty, flying
A: small, talons 1, yellow scales 1, carnivore, magic resistance 1
a: no special abilities


You were on level 5 of the Dungeon.
You were completely stuffed.

You visited 1 branch of the dungeon, and saw 5 of its levels.
You also visited: Sewer.

You collected 264 gold pieces.

Inventory:

Hand Weapons
 a - a +0 rapier
 o - a +3 dagger (weapon)
Missiles
 d - 2 throwing nets (quivered)
Armour
 c - a +0 helmet (worn)
 h - a +0 ring mail (worn)
 v - the +1 leather armour of a Thousand Wishes {rPois MR+ Int+3, unknown}
   (You found it on level 5 of the Dungeon)

   It affects your intelligence (+3).
   It protects you from poison.
   It affects your resistance to hostile enchantments.
Jewellery
 t - a +5 amulet of reflection (around neck)
Wands
 w - a wand of scattershot (5)
Scrolls
 e - 5 scrolls of teleportation {unknown}
 g - 5 scrolls of identify {unknown}
 j - a scroll of immolation {unknown}
 l - a scroll of enchant weapon {unknown}
 m - 2 scrolls of remove curse {unknown}
 r - a scroll of amnesia {unknown}
 s - 2 scrolls of enchant armour {unknown}
 x - a scroll of vulnerability {unknown}
Potions
 b - a potion of cancellation {unknown}
 i - a potion of mutation
 k - 3 potions of curing {unknown}
 n - a potion of haste
Comestibles
 f - 10 rations
 u - 5 chunks of flesh


   Skills:
 + Level 4.6 Fighting
 + Level 9.6 Short Blades
 + Level 2.6 Throwing
 + Level 3.7 Armour
 + Level 7.1 Dodging
 + Level 3.0 Stealth


You had 8 spell levels left.
You didn't know any spells.
Your spell library contained the following spells:

 Spells                   Type           Power        Failure   Level  Hunger
 Animate Skeleton         Necr           N/A          54%         1    ##.....
 Apportation              Tloc           #.....       54%         1    ##.....
 Confusing Touch          Hex            #.....       54%         1    ##.....
 Summon Small Mammal      Summ           #...         54%         1    ##.....


Dungeon Overview and Level Annotations

Branches:
Dungeon (5/15)
 Temple: D:4-7

Altars:
Cheibriados
Trog
Uskayaw
Wu Jian


Innate Abilities, Weirdness & Mutations

You are small and have problems with some larger weapons.
You are carnivorous and can eat meat at any time.
You have sharp toenails.
You are partially covered in yellow scales. (AC +2)
You are resistant to hostile enchantments. (MR+)


Message History

You hit the orc warrior but do no damage.
The orc hits you but does no damage. The orc barely misses you.
The orc warrior barely misses you.
You hit the orc warrior.
The orc warrior is lightly wounded.
You hit the orc warrior.
The orc warrior is lightly wounded.
You block the orc's attack. The orc hits you but does no damage.
You puncture the orc warrior!
The orc warrior is severely wounded.
The orc warrior hits you with a +0 glaive!
* * * LOW HITPOINT WARNING * * *
You hit the orc warrior. Your kick misses the orc warrior.
The orc warrior is severely wounded.
You block the orc's attack. The orc misses you.
It was a potion of flight.
You feel very buoyant.
You fly up into the air.
The orc warrior hits you with a +0 glaive!
You die...

#.# ## ..# #.# #..
# #.# #..# #.##..#
##....# ###...#
###....##########
###...##...........
#o@o###############
#.oo### #..## #..
... ##


You could see an orc warrior and 3 orcs.

Vanquished Creatures
  Sigmund (D:2)
  2 ogres (D:4)
  A centaur (D:5)
  6 big kobolds (Sewer)
  A bullfrog (D:4)
  2 howler monkeys
  A bullfrog zombie (D:5)
  3 orc wizards
  A centaur skeleton (D:4)
  Jessica (D:2)
  2 iguanas (D:4)
  Terence (D:2)
  A worker ant (D:4)
  A worker ant zombie (D:4)
  3 river rats
  9 adders
  8 oozes
  An adder zombie (D:5)
  6 worms
  9 dart slugs
  3 leopard geckos
  9 orcs
  7 giant cockroaches
  5 goblins
  4 hobgoblins
  12 jackals
  11 kobolds
  5 quokkas
  5 ball pythons
  7 bats
  4 frilled lizards
  9 rats
141 creatures vanquished.

Vanquished Creatures (others)
  5 toadstools (D:1)
5 creatures vanquished.

Grand Total: 146 creatures vanquished

Notes
Turn   | Place    | Note
-------+----------+-------------------------------------------
     0 | D:1      | Borgoz the Kobold Gladiator began the quest for the Orb.
     0 | D:1      | Reached XP level 1. HP: 12/12 MP: 1/1
   559 | D:1      | Reached XP level 2. HP: 17/17 MP: 2/2
   836 | D:2      | Reached XP level 3. HP: 22/22 MP: 3/3
   845 | D:2      | Noticed Jessica
   855 | D:2      | Killed Jessica
   914 | D:2      | Found a faded altar of an unknown god.
  1086 | D:2      | Reached skill level 1 in Stealth
  1086 | D:2      | Reached XP level 4. HP: 27/27 MP: 4/4
  1111 | D:2      | Reached skill level 5 in Short Blades
  1240 | D:2      | Noticed Sigmund
  1252 | D:2      | Killed Sigmund
  1252 | D:2      | Reached skill level 6 in Short Blades
  1252 | D:2      | Reached skill level 1 in Armour
  1252 | D:2      | Reached XP level 5. HP: 32/32 MP: 5/5
  1252 | D:2      | Reached XP level 6. HP: 37/37 MP: 6/6
  1406 | D:2      | Reached skill level 5 in Dodging
  1715 | D:2      | Noticed Terence
  1749 | D:2      | Killed Terence
  1893 | D:2      | Found a snail-covered altar of Cheibriados.
  2096 | D:2      | Reached XP level 7. HP: 17/41 MP: 7/7
  2432 | D:3      | Found a hide-covered altar of Uskayaw.
  2553 | D:3      | Found a glowing drain.
  2564 | Sewer    | Entered a sewer
  2710 | Sewer    | Reached skill level 7 in Short Blades
  3070 | Sewer    | Reached skill level 8 in Short Blades
  3070 | Sewer    | Reached XP level 8. HP: 35/48 MP: 8/8
  3590 | D:3      | Found a bloodstained altar of Trog.
  3888 | D:4      | Reached skill level 9 in Short Blades
  4299 | D:4      | Gained mutation: You are resistant to hostile enchantments.
                  | (MR+) [potion of mutation]
  4299 | D:4      | Gained mutation: You are partially covered in yellow
                  | scales. (AC +2) [potion of mutation]
  4299 | D:4      | Gained mutation: You have sharp toenails. [potion of
                  | mutation]
  4658 | D:5      | Entered Level 5 of the Dungeon
  4681 | D:5      | Reached XP level 9. HP: 33/52 MP: 9/9
  4722 | D:5      | Got a spiked leather armour
  4942 | D:5      | Found an ornate altar of the Wu Jian Council.
  5046 | D:5      | Slain by an orc warrior

Levels and vault maps discovered:
D:1:      ldierk_walled_garden, layout_basic
D:2:      layout_basic, cheibriados_altar_1, chequers_ecumenical_altar_lobes,
          first_ration, st_stairs_4, uniq_jessica, uniq_sigmund, uniq_terence
D:3:      layout_rooms, lemuel_doored_altar, overflow_temple_1_default,
          gup_sewer_entry_bubbles
D:4:      layout_loops_ring
D:5:      kennysheep_slugbush, layout_basic, overflow_temple_1_default
Sewer:    sewer_co_tree

Skill      XL: |  1  2  3  4  5  6  7  8  9 |
---------------+----------------------------+-----
Dodging        | 4 5 6 7 |  7.1
Stealth        | 1 2 3 |  3.0
Short Blades   | 6 8 9 |  9.6
Fighting       | 3 4 |  4.6
Armour         | 1 2 3 |  3.7
Throwing       | |  2.6

Action                   |  1- 3 |  4- 6 |  7- 9 || total
-------------------------+-------+-------+-------++-------
Melee: Rapier            |    63 |   145 |   363 ||   571
       Dagger            |       |       |   187 ||   187
       Kick              |       |       |    33 ||    33
Throw: Throwing net      |       |       |     2 ||     2
  Use: Potion            |     1 |       |     5 ||     6
 Stab: Sleeping          |       |     1 |     2 ||     3
       Held in net/web   |       |       |     1 ||     1
  Eat: Chunk             |     5 |     7 |    11 ||    23
Armor: Leather armour    |     3 |       |       ||     3
       Ring mail         |    17 |    34 |    99 ||   150
Dodge: Dodged            |    44 |   153 |   358 ||   555
Block: Other             |       |       |    22 ||    22
       Reflection        |       |       |     5 ||     5

Table legend:
 A = Non-vault XP
 B = Vault XP
 C = Vault XP percentage of total XP
 D = Non-vault monster count
 E = Vault monster count
 F = Vault count percentage of total count
                 A         B        C        D         E       F
            +---------+---------+-------+---------+---------+-------
      Total |    1164 |    1022 |  46.8 |      94 |      47 |  33.3
            +---------+---------+-------+---------+---------+-------
        D:1 |      12 |       0 |   0.0 |       8 |       0 |   0.0
        D:2 |     211 |     299 |  58.6 |      35 |       5 |  12.5
        D:3 |      66 |      24 |  26.7 |      23 |       6 |  20.7
        D:4 |     653 |       0 |   0.0 |      21 |       0 |   0.0
        D:5 |     222 |      32 |  12.6 |       7 |       8 |  53.3
      Sewer |       0 |     667 | 100.0 |       0 |      28 | 100.0
            +---------+---------+-------+---------+---------+-------
